 Dungeon Crawl Stone Soup version 0.21-a0-122-g43b3ea6 (webtiles) character file.

81 grindst0ne the Charmwright (level 4, -4/30 HPs)
             Began as a Halfling Skald on July 13, 2017.
             Slain by a gnoll
             ... wielding a +0 spear
              (9 damage)
             ... on level 2 of the Dungeon.
             The game lasted 00:05:53 (1808 turns).

grindst0ne the Charmwright (Halfling Skald)         Turns: 1808, Time: 00:05:53

Health: -4/30      AC:  4    Str: 13    XL:     4   Next: 67%
Magic:  1/6        EV: 14    Int: 11    God:
Gold:   141        SH:  0    Dex: 13    Spells: 3/6 levels left

rFire    . . .     SeeInvis .   a - +2 dagger (venom)
rCold    . . .     Gourm    .   (shield restricted)
rNeg     . . .     Faith    .   p - +0 leather armour
rPois    .         Spirit   .   j - +0 helmet
rElec    .         Reflect  .   (no cloak)
rCorr    .         Harm     .   (no gloves)
MR       .....                  (no boots)
Stlth    +.........             (no amulet)
HPRegen  0.10/turn              (no ring)
MPRegen  0.10/turn              (no ring)

@: no status effects
A: mutation resistance 1
a: no special abilities


You were on level 2 of the Dungeon.
You were not hungry.

You visited 1 branch of the dungeon, and saw 2 of its levels.

You collected 141 gold pieces.

Inventory:

Hand Weapons
 a - a +2 dagger of venom (weapon)
 b - a +0 hunting sling
Missiles
 s - 36 stones (quivered)
 u - 8 poisoned javelins
Armour
 j - a +0 helmet (worn)
 p - a +0 leather armour (worn)
 v - a +0 scale mail
Scrolls
 g - a scroll of fear {unknown}
 h - 2 scrolls of enchant armour {unknown}
 i - 3 scrolls of remove curse {unknown}
 m - a scroll of enchant weapon {unknown}
 n - a scroll of identify {unknown}
 o - a scroll of amnesia {unknown}
 t - a scroll of random uselessness {unknown}
Potions
 e - a potion of curing
 l - 2 potions of agility {unknown}
 r - 2 potions of lignification {unknown}
Books
 c - a book of Battle

   Spells                             Type                      Level
   a - Infusion                       Charms                       1
   b - Shroud of Golubria             Charms/Translocation         2
   c - Song of Slaying                Charms                       2
   d - Spectral Weapon                Hexes/Charms                 3
   e - Regeneration                   Charms/Necromancy            3
Comestibles
 d - a bread ration
 f - a fruit
 k - a chunk of flesh
 q - a meat ration


   Skills:
 + Level 2.8 Fighting
   Level 2.0 Axes
 - Level 1.1 Armour
 - Level 2.1 Dodging
 - Level 1.5 Spellcasting
 + Level 4.8 Charms


You had 3 spell levels left.
You knew the following spells:

 Your Spells              Type           Power        Failure   Level  Hunger
a - Song of Slaying       Chrm           ##......     8%          2    ###....
z - Infusion              Chrm           ##..         5%          1    ##.....


Dungeon Overview and Level Annotations

Branches:
Dungeon (2/15)

Altars:


Innate Abilities, Weirdness & Mutations

You are small and have problems with some larger weapons.
You are somewhat resistant to further mutation.


Message History

You see here a +0 hand axe.
You kill the gnoll!
The gnoll misses you.
You barely miss the gnoll.
The gnoll hits you from afar with an enchanted spear.
The gnoll hits you but does no damage.
The gnoll hits you from afar with a spear.
The gnoll hits you from afar with an enchanted spear.
The gnoll closely misses you.
You hit the gnoll.
The gnoll is poisoned.
The gnoll is moderately wounded.
The gnoll hits you from afar with an enchanted spear!
* * * LOW HITPOINT WARNING * * *
The gnoll barely misses you. The gnoll misses you.
Your magical infusion is running out.
Your magical contamination has completely faded away.
You are no longer magically infusing your attacks.
The gnoll hits you from afar with a spear!
You die...

#....'...# #...# #....#.#.#
#.#'##### ######.#.# #.......#
#############.#.# #.......#
................#########........
..................<..............
##...).#.......#.#.#..........#..
..........###...)..#'###......#).
##.#..<#..# ##.#@#............#..
#.#####..####.#.#......#######..
##.#####.....#.#g#........# #..
.#...........#.#g###'#....# ###
.#########..##.......#....#
.##<...)))...g...#####....#
......#####.###..# #....#
..........#..##..# #....#
......###.##.##..## #....#


You could see 2 gnolls.

Vanquished Creatures
  A gnoll (D:2)
  2 adders (D:2)
  An ooze (D:1)
  A worm (D:2)
  A dart slug (D:2)
  3 leopard geckos
  A ball python (D:2)
  6 bats
  A giant cockroach (D:1)
  5 hobgoblins
  2 jackals (D:2)
  4 goblins
  8 kobolds
  4 rats
40 creatures vanquished.

Notes
Turn   | Place    | Note
-------+----------+-------------------------------------------
     0 | D:1      | grindst0ne the Halfling Skald began the quest for the Orb.
     0 | D:1      | Reached XP level 1. HP: 14/14 MP: 3/3
   391 | D:1      | Reached XP level 2. HP: 13/19 MP: 0/4
   571 | D:1      | Reached skill level 4 in Charms
   728 | D:1      | Learned a level 2 spell: Song of Slaying
   866 | D:1      | Reached XP level 3. HP: 24/24 MP: 1/5
  1480 | D:2      | Reached XP level 4. HP: 21/30 MP: 0/6
  1808 | D:2      | Slain by a gnoll

Vault maps used:
D:1:      evilmike_arrival_hilbert_curve, roderic_nine_men_s_morris

Skill      XL: |  1  2 |
---------------+-------+-----
Fighting       | 2 |  2.8
Charms         | 4 |  4.8
Axes           | |  2.0
Armour         | |  1.1
Dodging        | |  2.1
Spellcasting   | |  1.5

Action                   |  1- 3 |  4- 6 || total
-------------------------+-------+-------++-------
Melee: Dagger            |    77 |    31 ||   108
       Hand axe          |     4 |       ||     4
 Fire: Hunting sling     |       |     2 ||     2
 Cast: Infusion          |    10 |     2 ||    12
       Song of Slaying   |     1 |       ||     1
  Use: Potion            |     1 |       ||     1
  Eat: Chunk             |     2 |     1 ||     3
Armor: Leather armour    |    14 |     9 ||    23
Dodge: Dodged            |    77 |    37 ||   114
